 Dungeon Crawl Stone Soup version 0.17-a0-226-ge260c71 (webtiles) character file.

451492 BluebellGnoll the Fetichist (level 23, -9/236 (237) HPs)
             Began as a Deep Dwarf Gladiator on Mar 26, 2015.
             Was an Initiate of Makhleb.
             Mangled by a stone giant (26 damage)
             ... created by the rage of Trog
             ... on level 2 of the Depths on Mar 28, 2015.
             The game lasted 08:03:34 (65740 turns).

BluebellGnoll the Fetichist (Deep Dwarf Gladiator) Turns: 65740, Time: 08:03:34

HP:   -9/236 (237)  AC: 21    Str: 22 (25) XL:     23   Next: 20%
MP:   25/25         EV: 16    Int: 12 (14) God:    Makhleb [......]
Gold: 3366          SH: 19    Dex:  9 (13) Spells: 0 memorised, 22 levels left

rFire  . . .     SeeInvis .     q - +4 war axe (vamp)
rCold  + + .     Clarity  +     k - +0 ring mail of a labyrinth {rElec}
rNeg   + + +     SustAb   .     n - +5 shield {reflect}
rPois  +         Gourm    .     W - +1 hat
rElec  +         Spirit   .     B - +2 cloak of Starlight {rElec rC+ EV+4 Stlth--}
rCorr  .         Warding  +     v - +1 pair of gloves
rMut   .         Rnd*Tele +     N - +2 pair of boots of Ivvuc {MR+ Slay+3}
MR     +++++                    x - amulet of warding
Stlth  ..........               M - ring of poison resistance
                                h - ring "Tuedwior" {rC+ rN+ Int+2}

@: non-regenerating, almost entirely resistant to hostile enchantments,
extremely unstealthy
A: damage resistance, recharge devices, rough black scales 1, breathe flames 1,
clarity, clumsy 1, deterioration 1, magic resistance 1, negative energy
resistance 1, sense surroundings 3, slow healing 3, strong 1, teleportitis 1
a: Device Recharging, Renounce Religion, Breathe Fire
}: 2/15 runes: serpentine, barnacled


You were on level 2 of the Depths.
You worshipped Makhleb.
Makhleb was noncommittal.
You were not hungry.

You visited 10 branches of the dungeon, and saw 49 of its levels.
You also visited: Labyrinth and Ice Cave.

You collected 6094 gold pieces.
You spent 2728 gold pieces at shops.

Inventory:

Hand weapons
 l - the +9 war axe of Shrieking Terror {chop, Stlth+}
   (Trog gifted it to you on level 2 of the Vaults)

   It inflicts extra damage upon your enemies.
   It makes you more stealthy.
 q - a +4 vampiric war axe (weapon)
Missiles
 d - 23 javelins (quivered)
 C - 10 throwing nets
 R - 37 javelins of penetration
 V - 6 javelins of returning
 Y - 6 poisoned javelins
Armour
 k - the +0 ring mail of a labyrinth (worn) {rElec}
   (You found it on level 3 of the Elven Halls)

   It insulates you from electricity.
 n - a +5 shield of reflection (worn)
 v - a +1 pair of gloves (worn)
 B - the +2 cloak of Starlight (worn) {rElec rC+ EV+4 Stlth--}
   (You found it in an ice cave)

   It affects your evasion (+4).
   It protects you from cold.
   It insulates you from electricity.
   It makes you much less stealthy.
 N - the +2 pair of boots of Ivvuc (worn) {MR+ Slay+3}
   (You found it on level 3 of the Shoals)

   It affects your accuracy and damage with ranged weapons and melee attacks
   (+3).
   It affects your resistance to hostile enchantments.
 W - a +1 hat (worn)
Jewellery
 b - an uncursed ring of positive energy
 h - the ring "Tuedwior" (left hand) {rC+ rN+ Int+2}
   (You found it in a labyrinth)

   [ring of positive energy]

   It affects your intelligence (+2).
   It protects you from cold.
   It protects you from negative energy.
 x - an amulet of warding (around neck)
 y - an uncursed ring of invisibility
 M - a ring of poison resistance (right hand)
 S - an uncursed ring of see invisible
 Z - a +5 ring of protection
Magical devices
 e - a wand of heal wounds (7)
 g - a wand of hasting (3)
 j - a wand of disintegration (6)
 m - a wand of paralysis (11)
 s - a wand of teleportation (2)
 w - a wand of fire (6)
 z - a wand of teleportation (7)
 H - a wand of draining (2)
 Q - a wand of confusion (26)
Scrolls
 a - 7 scrolls of fog
 r - a scroll of summoning
 t - 9 scrolls of remove curse
 u - 8 scrolls of teleportation
 D - 7 scrolls of blinking
 J - 2 scrolls of fear
 O - 15 scrolls of identify
 P - 3 scrolls of immolation
 U - a scroll of silence
 X - a scroll of magic mapping
Potions
 o - 15 potions of curing
 p - a potion of magic
 A - 5 potions of cancellation
 F - a potion of invisibility
Miscellaneous
 f - a sack of spiders
 E - a stone of tremors
 I - a disc of storms
 K - a lamp of fire
 L - a fan of gales
 T - a phial of floods
Comestibles
 c - 7 chunks of flesh
 i - 22 meat rations


   Skills:
 + Level 20.3 Fighting
 - Level 18.6 Axes
 - Level 18.0 Throwing
 - Level 9.1 Armour
 - Level 3.2 Dodging
 - Level 7.0 Stealth
 - Level 17.3 Shields
 - Level 20.8 Evocations


You had 22 spell levels left.
You didn't know any spells.

Dungeon Overview and Level Annotations

Branches:
Dungeon (15/15)            Temple (1/1) D:7            Lair (8/8) D:9
 Shoals (5/5) Lair:5        Snake (5/5) Lair:6        Slime (0/6) Lair:6
    Orc (4/4) D:12            Elf (3/3) Orc:4        Vaults (4/5) D:14
  Crypt (0/3) Vaults:2     Depths (3/5) D:15           Hell (1/1)
    Tar (0/7) Hell
    Dis: Hell:1         Geh: Hell:1         Coc: Hell:1

Altars:
Ashenzari
Fedhas
Gozag
Kikubaaqudgha
Makhleb
Okawaru
Qazlal
Ru
Sif Muna
Trog
Xom
Yredelemnul
The Shining One
Jiyva

Shops:
D:4 %   D:7 !   D:11 }   Orc:4 *?[   Elf:2 *   Shoals:3 }   Vaults:3 *
Depths:2 %   Depths:3 [

Portals:
Hell: Depths:1 Depths:2 Depths:3
Abyss: Depths:2
Pandemonium: Depths:3
Ziggurat: Depths:2
Trove: Vaults:2 (give +3 storm dragon armour)


Innate Abilities, Weirdness & Mutations

You are resistant to damage.
You can recharge devices by infusing magical energy.
You resist negative energy.
You passively map a large area around you.
You do not heal naturally.
You are partially covered in rough black scales (AC +4, Dex -1).
You can breathe flames.
You possess an exceptional clarity of mind.
You are clumsy. (Dex -2)
Your body is slowly deteriorating.
You are resistant to hostile enchantments.
Your muscles are strong. (Str +2)
Space occasionally distorts in your vicinity.


Message History

The stone giant hits you but does no damage.
The two-headed ogre rages.
The stone giant hits you!!
* * * LOW HITPOINT WARNING * * *
You block the hill giant's attack. The ogre closely misses you.
You block the stone giant's attack.
You block the two-headed ogre's attack. x2
The hill giant hits you with a giant club!
* * * LOW HITPOINT WARNING * * *
The deep troll rages.
There is a stone staircase leading up, spattered with blood here.
The two-headed ogre barely misses you. You block the two-headed ogre's attack.
You block the hill giant's attack. You block the stone giant's attack.
You climb upwards.
There is a stone staircase leading down here.
You block the two-headed ogre's attack.
The two-headed ogre hits you with a giant club!
* * * LOW HITPOINT WARNING * * *
The stone giant hits you!!
You die...

........### #..........≈.≈.#.#.#.
#######...###..≈≈......≈...#.#<#.
###..##...≈≈≈.≈≈≈..≈.#.#.#.
#####.≈......≈..≈≈.#.#'#.
############........≈.≈≈≈.##...#
#≈.......#.≈≈..........≈≈.###.##
##.......#.............∩....##.##
##.............CCO...........#[#.
##........≈≈....@...≈≈.≈.........
##.[......≈≈≈......≈≈..≈.........
##...............≈....≈≈.........
##..............≈...≈≈≈}........
#....≈.........................
####...≈≈.....................).)
..##...≈≈≈.......................
(.##............≈≈≈.#......#.#...
..(.......≈≈.≈≈.≈≈≈.#......###...


You could see a stone giant (berserk), a hill giant (berserk) and a two-headed
ogre (berserk).

Vanquished Creatures
  Margery (Depths:1)
  Norris (Depths:1)
  Geryon (Hell)
  Jory (Depths:3)
  A profane servitor (Depths:1)
  Nikola (Vaults:3)
  Vashnia (Snake:5)
  Asterion (Depths:2)
  A deep elf master archer (Elf:3)
  2 deep elf blademasters
  Murray (Hell)
  An octopode crusher (Depths:2)
  Agnes (Depths:2)
  Frances (Snake:5)
  5 greater nagas
  A shadow dragon (Hell)
  Ilsuiw (Shoals:5)
  The ghost of Creepadon the Severer, a powerful DDFi of Trog (Depths:3)
  6 fire giants
  12 vault wardens
  Donald (Snake:5)
  Wiglaf (Vaults:4)
  Maud (Lair:6)
  An orc warlord (Orc:2)
  A cacodemon (Depths:3)
  4 frost giants
  3 emperor scorpions
  Aizul (Elf:3)
  5 deep elf sorcerers
  A spectral weapon (Depths:2)
  4 reapers
  9 stone giants
  13 ironheart preservers
  A very ugly thing (Depths:1)
  8 rakshasas
  7 deep elf demonologists (Elf:3)
  A vampire knight (Depths:3)
  9 deep elf annihilators
  2 dire elephants (Depths:1)
  2 pearl dragon zombies (Depths:1)
  Snorg (Shoals:2)
  7 deep elf death magi
  5 merfolk javelineers
  2 blizzard demons (Hell)
  5 merfolk impalers
  10 fire dragons
  16 vault guards
  2 minotaurs
  11 yaktaur captains
  4 deep elf high priests
  Fannar (Elf:1)
  7 ettins
  Harold (Lair:7)
  16 naga warriors
  10 ogre magi
  4 ice dragons
  6 great orbs of eyes
  10 hydras
  2 merfolk avatars (Shoals:5)
  Erica (D:11)
  26 death yaks
  2 hell beasts (Hell)
  4 satyrs
  A catoblepas (D:14)
  2 alligator snapping turtles
  6 merfolk aquamancers
  14 dancing weapons (Elf:2)
  13 centaur warriors
  6 anacondas
  A death knight (Depths:1)
  A vampire mage (Depths:1)
  5 orc high priests
  5 sun demons
  3 tengu warriors
  5 deep troll shamans
  A shock serpent (Snake:3)
  2 iron trolls (Depths:3)
  11 naga sharpshooters
  15 deep troll earth magi
  15 hell knights
  3 hell hogs (Depths:1)
  6 soul eaters
  5 ice devils
  5 skeletal warriors (Vaults:2)
  10 sea snakes
  18 deep elf knights
  29 deep trolls
  A giant orange brain (Depths:1)
  A harpy (shapeshifter) (Vaults:3)
  4 salamander mystics
  A fire crab (Vaults:4)
  10 deep elf summoners
  13 hill giants
  4 unseen horrors
  An ice statue (IceCv)
  A lindwurm (shapeshifter) (Depths:1)
  3 flayed ghosts
  24 harpies
  Pikel (D:4)
  8 naga ritualists
  13 ironbrand convokers
  9 mana vipers
  16 griffons
  8 cyclopes
  A stone giant zombie (Hell)
  14 deep elf conjurers
  6 wizards
  10 necromancers
  9 orc knights
  2 oklob plants
  6 fauns (Shoals:4)
  2 hornets
  5 water nymphs
  3 wolf spiders
  A fire giant zombie (Hell)
  2 sixfirhies
  2 tengu skeletons (Vaults:2)
  46 ugly things
  An orc sorcerer (Orc:2)
  3 elephants (Lair:4)
  2 stone giant skeletons
  3 centaur zombies (D:12)
  37 black mambas
  2 rust devils
  4 apis skeletons (Depths:1)
  2 frost giant skeletons (Vaults:2)
  A manticore (shapeshifter) (Elf:2)
  A drowned soul (Shoals:5)
  16 manticores
  Joseph (D:8)
  8 sirens
  14 salamanders
  2 torpor snails
  A guardian serpent (shapeshifter) (Vaults:1)
  2 small abominations (Elf:3)
  5 spiny frogs
  A torpor snail (shapeshifter) (Depths:1)
  18 vault sentinels
  2 gargoyles
  32 yaktaurs
  7 komodo dragons
  4 guardian serpents
  5 kobold demonologists
  A hellwing (Elf:3)
  26 naga magi
  4 centaur skeletons
  A yaktaur (shapeshifter) (Vaults:1)
  5 fire drakes
  4 wandering mushrooms (Lab)
  A red devil (Hell)
  A tormentor (Hell)
  17 deep elf priests
  2 tengu conjurers
  The ghost of Ngotmuk the Shield-Bearer, an average DDFi (D:4)
  A frost giant simulacrum (Hell)
  10 freezing wraiths
  25 two-headed ogres
  2 wind drakes
  4 jumping spiders
  15 polar bears
  26 merfolk
  7 trolls
  A queen bee (shapeshifter) (Vaults:3)
  Prince Ribbit (D:8)
  5 ravens
  14 blink frogs
  16 snapping turtles
  5 boulder beetles
  2 hornet zombies
  20 slime creatures
  A snapping turtle (shapeshifter) (Depths:3)
  A flying skull (Hell)
  8 basilisks
  3 trapdoor spiders
  3 wyverns
  An ettin skeleton (Vaults:2)
  25 water elementals
  27 deep elf magi
  4 wraiths
  A hill giant zombie (Depths:3)
  A human (D:7)
  6 redbacks
  2 tarantellas
  3 fire elementals (Hell)
  3 steam dragons (Lair:8)
  7 wargs
  49 yaks
  36 deep elf fighters
  9 hippogriffs
  A soldier ant (shapeshifter) (Vaults:2)
  A yaktaur simulacrum (Vaults:3)
  2 hungry ghosts
  A redback simulacrum (D:15)
  66 nagas
  A neqoxec (Depths:3)
  7 vampire mosquitoes
  Menkaure (D:4)
  16 wolves
  31 water moccasins
  A spiny frog zombie (Hell)
  A human zombie (D:15)
  3 mottled dragons
  2 soldier ants (D:14)
  8 hell hounds
  4 sky beasts
  An eye of draining (D:15)
  5 phantoms
  12 porcupines
  2 slaves (D:4)
  23 centaurs
  39 ogres
  53 orc warriors
  8 ice beasts
  5 black bears
  4 swamp drakes (Lair:8)
  An eye of draining (shapeshifter) (Depths:1)
  A boring beetle (Lair:3)
  15 crocodiles
  4 necrophages
  A crocodile (shapeshifter) (Vaults:4)
  2 brain worms
  5 big kobolds
  24 giant frogs
  6 human skeletons (Vaults:2)
  A hell hound zombie (D:15)
  A wyvern skeleton (D:12)
  2 scorpions
  17 wights
  An electric eel (Lair:3)
  9 killer bees
  14 crimson imps
  3 giant frog zombies
  2 goliath beetles
  9 quasits
  13 jellies
  3 iron imps
  39 orc priests
  A giant frog skeleton (D:11)
  17 hounds
  15 iguanas
  6 worker ants
  39 orc wizards
  17 hell rats
  28 sheep
  Ijyb (D:4)
  2 mummies
  2 hound skeletons
  A hound zombie (D:10)
  2 worker ant zombies
  104 river rats
  27 adders
  4 gnolls (D:7)
  A giant mite (D:3)
  A worm (D:3)
  3 shadow imps
  2 ufetubi
  A white imp (Depths:3)
  8 orc zombies (Orc:4)
  An adder skeleton (D:5)
  15 oozes
  220 orcs
  A ball python (D:1)
  11 bats
  A bat zombie (D:5)
  9 giant cockroaches
  15 goblins
  21 hobgoblins
  6 jackals
  21 kobolds
  16 quokkas
  2 giant geckos
  A giant gecko zombie (D:7)
  4 giant newts
  A giant spore (D:13)
  2 quokka skeletons (D:9)
  13 rats
  4 ballistomycetes (D:13)
  A butterfly (Lair:8)
  4 crawling corpses
  8 fungi
  9 plants
2398 creatures vanquished.

Vanquished Creatures (collateral kills)
  Saint Roka (Shoals:3)
  An orc warlord (Orc:2)
  A merfolk aquamancer (Shoals:5)
  A naga sharpshooter (Snake:5)
  2 hell beasts (Hell)
  An orc sorcerer (Orc:4)
  A gargoyle (D:11)
  A rust devil (Orc:4)
  A snapping turtle (Shoals:3)
  2 yaks (Lair:6)
  An orc zombie (Orc:4)
  A water elemental (Shoals:5)
  3 orc warriors
  A centaur (Depths:1)
  A killer bee (D:11)
  A crimson imp (Hell)
  An orc wizard (Orc:4)
  An orc (Orc:2)
22 creatures vanquished.

Vanquished Creatures (others)
  A deep elf master archer (Elf:3)
  A deep elf demonologist (Elf:3)
  A yaktaur captain (Vaults:2)
  A satyr (Shoals:4)
  2 centaur warriors
  2 unseen horrors (Vaults:1)
  A deep troll (Snake:5)
  An orc knight (Vaults:1)
  3 water elementals (Shoals:5)
  A necromancer (D:15)
  A deep elf conjurer (Elf:3)
  A vault sentinel (Vaults:3)
  3 fire elementals
  15 yaktaurs
  A human zombie (D:15)
  An ogre (Orc:2)
  A slave (D:4)
  3 centaurs
  3 lost souls (Elf:3)
  A hell hound zombie (D:15)
  A giant frog skeleton (D:5)
  An orc wizard (Vaults:1)
  An orc zombie (Orc:4)
  A kobold (D:15)
  A giant spore (D:13)
  A ballistomycete (D:13)
  8 fungi
  4 plants
62 creatures vanquished.

Grand Total: 2482 creatures vanquished

Notes
Turn   | Place    | Note
--------------------------------------------------------------
     0 | D:1      | BluebellGnoll, the Deep Dwarf Gladiator, began the quest for the Orb.
     0 | D:1      | Reached XP level 1. HP: 19/19 MP: 1/1
   179 | D:1      | Reached skill level 4 in Axes
   179 | D:1      | Reached XP level 2. HP: 24/26 MP: 2/2
   879 | D:2      | Reached XP level 3. HP: 25/32 MP: 3/3
   932 | D:2      | Found an opulent altar of Gozag.
  1293 | D:2      | Reached skill level 5 in Axes
  1543 | D:3      | Reached XP level 4. HP: 21/39 MP: 4/4
  1649 | D:3      | Reached skill level 1 in Armour
  1678 | D:3      | Found a bloodstained altar of Trog.
  2276 | D:4      | Noticed a slave
  2276 | D:4      | Noticed a slave
  2277 | D:4      | Noticed Pikel
  2291 | D:4      | Killed a slave
  2301 | D:4      | Killed a slave
  2319 | D:4      | Noticed a slave
  2322 | D:4      | Noticed a slave
  2376 | D:4      | Killed Pikel
  2376 | D:4      | Reached skill level 7 in Axes
  2376 | D:4      | Reached skill level 5 in Armour
  2376 | D:4      | Reached XP level 5. HP: 21/45 MP: 5/5
  2376 | D:4      | Reached XP level 6. HP: 24/52 MP: 6/6
  2376 | D:4      | Reached XP level 7. HP: 26/58 MP: 7/7
  2437 | D:4      | Noticed Menkaure
  2453 | D:4      | Noticed Ngotmuk's ghost (average DDFi)
  2494 | D:4      | Found Roiduruy's Food Shoppe.
  2540 | D:4      | Noticed Ijyb
  2558 | D:4      | Killed a freed slave
  2561 | D:4      | Killed Ijyb
  3025 | D:4      | Killed Menkaure
  3138 | D:4      | Killed Ngotmuk's ghost
  3138 | D:4      | Reached skill level 5 in Fighting
  3138 | D:4      | Reached XP level 8. HP: 42/74 MP: 7/7
  3333 | D:4      | Reached skill level 1 in Evocations
  3382 | D:5      | Entered Level 5 of the Dungeon
  3624 | D:5      | Reached skill level 8 in Axes
  3725 | D:5      | Gained mutation: You expend magic power (3 MP) to slightly strengthen your wands. [potion of mutation]
  3725 | D:5      | Gained mutation: You are partially covered in large bone plates (AC +2, SH +2). [potion of mutation]
  3735 | D:5      | Found a blossoming altar of Fedhas.
  3761 | D:5      | Found a stormy altar of Qazlal.
  4021 | D:3      | Became a worshipper of Trog the Wrathful
  4323 | D:5      | Reached skill level 9 in Axes
  4330 | D:5      | Gained mutation: You are clumsy. (Dex -2) [mutagenic meat]
  4331 | D:5      | Gained mutation: Your spells are a little harder to cast, but a little more powerful. [mutagenic meat]
  4332 | D:5      | Gained mutation: You are partially covered in rough black scales (AC +4, Dex -1). [mutagenic meat]
  4754 | D:5      | Reached skill level 5 in Evocations
  4754 | D:5      | Gained mutation: You passively map the area around you. [level up]
  4754 | D:5      | Reached XP level 9. HP: 35/81 MP: 5/14
  4798 | D:6      | Reached skill level 10 in Axes
  4803 | D:6      | Acquired Trog's first power
  5243 | D:6      | Killed an unseen horror
  5243 | D:6      | Reached skill level 11 in Axes
  5614 | D:7      | Acquired Trog's second power
  5742 | D:7      | Found Kiaveic's Distillery.
  5750 | D:7      | Bought a potion of poison for 14 gold pieces
  5750 | D:7      | Bought a potion of heal wounds for 70 gold pieces
  5750 | D:7      | Bought a potion of invisibility for 112 gold pieces
  5765 | D:7      | Found a staircase to the Ecumenical Temple.
  5795 | Temple   | Entered the Ecumenical Temple
  5992 | D:7      | Found a sacrificial altar of Ru.
  5992 | D:7      | Found a glowing golden altar of the Shining One.
  6634 | D:7      | Reached XP level 10. HP: 53/92 MP: 14/14
  7108 | D:8      | Noticed a hill giant
  7117 | D:8      | Killed a hill giant
  7172 | D:8      | Noticed Prince Ribbit
  7189 | D:8      | Killed Prince Ribbit
  7288 | D:8      | Found a burning altar of Makhleb.
  7466 | D:8      | Noticed Joseph
  7486 | D:8      | Killed Joseph
  8016 | D:9      | Found a staircase to the Lair.
  8039 | D:9      | Reached skill level 10 in Fighting
  8689 | D:9      | Acquired Trog's third power
  8766 | D:10     | Entered Level 10 of the Dungeon
  8791 | D:10     | Reached XP level 11. HP: 49/110 MP: 15/15
  8805 | D:10     | Noticed a hill giant
  8814 | D:10     | Killed a hill giant
  8814 | D:10     | Reached skill level 12 in Axes
  9073 | D:10     | Found a glowing golden altar of the Shining One.
  9191 | D:10     | Received a gift from Trog
  9473 | Lair:1   | Entered Level 1 of the Lair of Beasts
 10201 | Lair:1   | You fall through a shaft!
 11712 | Lair:2   | Reached skill level 5 in Throwing
 11990 | Lair:3   | Noticed a five-headed hydra
 11994 | Lair:3   | Killed a five-headed hydra
 11994 | Lair:3   | Reached skill level 10 in Evocations
 12088 | Lair:3   | Found a labyrinth entrance.
 12102 | Lab      | Entered a labyrinth
 12227 | Lab      | Reached XP level 12. HP: 41/118 MP: 20/20
 12415 | Lab      | Got a pitted lead ring
 12417 | Lab      | Identified the ring "Tuedwior" {rC+ rN+ Int+2} (You found it in a labyrinth)
 12571 | Lab      | Noticed a minotaur
 12573 | Lab      | Killed a minotaur
 12585 | Lab      | Got a bloodstained hand crossbow
 12586 | Lab      | Got a bloodstained robe
 12586 | Lab      | Got a fine robe
 12587 | Lab      | Got a bloodstained mace
 12587 | Lab      | Got a smoking mace
 12601 | Lair:3   | Identified the +8 hand crossbow "Traemo Guus" {speed, MR++ Str-5} (You found it in a labyrinth)
 13007 | Lair:3   | Reached skill level 13 in Axes
 13474 | Lair:3   | Received a gift from Trog
 14052 | Lair:4   | Identified a scroll of acquirement
 14057 | Lair:4   | Noticed a five-headed hydra
 14080 | Lair:4   | Killed a 19-headed hydra
 14332 | Lair:3   | Got a pitted chain mail
 14359 | Lair:3   | Identified the +5 chain mail "Ruenium" {Int+7} (You found it on level 3 of the Lair of Beasts)
 14722 | Lair:4   | Reached skill level 14 in Axes
 14934 | Lair:4   | Received a gift from Trog
 15635 | Lair:5   | Reached XP level 13. HP: 80/124 MP: 22/22
 15878 | Lair:5   | Found a staircase to the Shoals.
 15904 | Lair:5   | Received a gift from Trog
 16593 | D:11     | Found an ancient bone altar of Kikubaaqudgha.
 16777 | D:11     | Found Clibrag's Quality Used Wands.
 16788 | D:11     | Reached skill level 15 in Axes
 16799 | D:11     | Bought a wand of confusion (0) for 22 gold pieces
 16961 | D:11     | Noticed Erica
 16973 | D:11     | Killed Erica
 17669 | D:12     | Found a staircase to the Orcish Mines.
 17683 | D:12     | Gained mutation: You have sharp toenails. [mutagenic meat]
 17695 | D:12     | Received a gift from Trog
 17714 | D:12     | Reached skill level 16 in Axes
 18379 | D:12     | Gained mutation: Your muscles are strong. (Str +2) [mutagenic meat]
 18380 | D:12     | Gained mutation: You are very clumsy. (Dex -4) [mutagenic meat]
 18434 | D:12     | Gained mutation: Your body is slowly deteriorating. [potion of mutation]
 18509 | D:12     | Noticed a fire giant
 18536 | D:12     | Killed a fire giant
 19008 | Orc:1    | Entered Level 1 of the Orcish Mines
 19008 | Orc:1    | Found a shimmering altar of Xom.
 19025 | Orc:1    | Found Tieno's Magic Scroll Boutique.
 19034 | Orc:1    | Bought a scroll of identify for 32 gold pieces
 19034 | Orc:1    | Bought a scroll of fog for 32 gold pieces
 19034 | Orc:1    | Bought a scroll of identify for 32 gold pieces
 19034 | Orc:1    | Bought a scroll of brand weapon for 320 gold pieces
 19034 | Orc:1    | Bought a scroll of summoning for 152 gold pieces
 19034 | Orc:1    | Bought a scroll of remove curse for 48 gold pieces
 19036 | Orc:1    | Gained mutation: You are resistant to hostile enchantments. [potion of beneficial mutation]
 19176 | Orc:2    | Noticed an orc warlord
 19194 | Orc:2    | HP: 6/123 [orc warlord/great mace (18)]
 19202 | Orc:2    | Gained mutation: You resist negative energy. [level up]
 19202 | Orc:2    | Reached XP level 14. HP: 21/132 MP: 17/23
 19208 | Orc:2    | Killed an orc warlord
 19544 | Orc:2    | Noticed an orc warlord
 19554 | Orc:2    | Killed an orc warlord
 19690 | Orc:1    | Found a deep blue altar of Sif Muna.
 20356 | Orc:3    | Received a gift from Trog
 20774 | Orc:2    | Received a gift from Trog
 20818 | Orc:2    | Received a gift from Trog
 20983 | Orc:4    | Entered Level 4 of the Orcish Mines
 21215 | Orc:4    | Reached skill level 15 in Evocations
 21317 | Orc:4    | Found a staircase to the Elven Halls.
 21339 | Orc:4    | Received a gift from Trog
 21501 | Orc:4    | Found Jerghed's Antique Armour Emporium.
 21501 | Orc:4    | Found Unelac's Distillery.
 21502 | Orc:4    | Found Smaxereu's Magic Scroll Shoppe.
 21505 | Orc:4    | Found Schoutro's General Store.
 21529 | Orc:4    | Bought a scroll of identify for 30 gold pieces
 21529 | Orc:4    | Bought a scroll of fog for 30 gold pieces
 21529 | Orc:4    | Bought a scroll of identify for 30 gold pieces
 21530 | Orc:4    | Bought a scroll of blinking for 120 gold pieces
 21530 | Orc:4    | Bought a scroll of teleportation for 48 gold pieces
 21530 | Orc:4    | Bought a scroll of identify for 32 gold pieces
 21530 | Orc:4    | Bought a scroll of identify for 32 gold pieces
 21530 | Orc:4    | Bought a scroll of recharging for 152 gold pieces
 21531 | Orc:4    | Bought a potion of flight for 36 gold pieces
 21531 | Orc:4    | Bought a potion of agility for 48 gold pieces
 21531 | Orc:4    | Bought 2 potions of flight for 72 gold pieces
 21531 | Orc:4    | Bought a potion of might for 48 gold pieces
 21531 | Orc:4    | Bought a potion of curing for 36 gold pieces
 21531 | Orc:4    | Bought a potion of curing for 36 gold pieces
 21531 | Orc:4    | Bought a potion of restore abilities for 60 gold pieces
 21534 | Orc:4    | Bought a pair of glowing gloves for 103 gold pieces
 22479 | Lair:5   | Reached skill level 17 in Axes
 22583 | Lair:6   | Found a staircase to the Slime Pits.
 22585 | Lair:6   | Found a viscous altar of Jiyva.
 22637 | Lair:6   | Received a gift from Trog
 22702 | Lair:6   | Noticed Maud
 22713 | Lair:6   | Killed Maud
 22792 | Lair:6   | Found a staircase to the Snake Pit.
 23524 | Lair:7   | Noticed Harold
 23539 | Lair:7   | Killed Harold
 23893 | Lair:7   | Lost mutation: Your spells are a little harder to cast, but a little more powerful. [potion of mutation]
 23893 | Lair:7   | Gained mutation: Your body is deteriorating. [potion of mutation]
 24046 | Lair:8   | Entered Level 8 of the Lair of Beasts
 24159 | Lair:8   | Received a gift from Trog
 24738 | Lair:8   | Reached XP level 15. HP: 143/143 MP: 25/25
 25860 | Snake:1  | Entered Level 1 of the Snake Pit
 25877 | Snake:1  | Reached skill level 18 in Axes
 26228 | Snake:1  | Received a gift from Trog
 26365 | Snake:1  | Got an iridescent great sword
 26626 | Snake:2  | Received a gift from Trog
 27883 | Snake:3  | HP: 6/147 [black mamba (5)]
 27888 | Snake:3  | HP: 3/147 [poisoned by a black mamba]
 29204 | Snake:4  | Received a gift from Trog
 29364 | Snake:4  | Received a gift from Trog
 29545 | Snake:4  | Reached XP level 16. HP: 151/158 MP: 26/26
 30100 | Snake:5  | Entered Level 5 of the Snake Pit
 30160 | Snake:5  | Received a gift from Trog
 30430 | Snake:5  | Reached skill level 10 in Throwing
 30995 | Snake:5  | Noticed Donald
 31019 | Snake:5  | Killed Donald
 31099 | Snake:5  | Received a gift from Trog
 31167 | Snake:5  | Noticed Frances
 31201 | Snake:5  | Killed Frances
 31512 | Snake:5  | Received a gift from Trog
 31566 | Snake:5  | Noticed Vashnia
 31613 | Snake:5  | HP: 7/159 [Vashnia/arrow (19)]
 32631 | Snake:5  | Lost mutation: You expend magic power (3 MP) to slightly strengthen your wands. [mutagenic meat]
 32632 | Snake:5  | Gained mutation: You can breathe flames. [mutagenic meat]
 32827 | Snake:5  | Killed Vashnia
 32932 | Snake:5  | Reached skill level 15 in Fighting
 33082 | Snake:5  | Got a serpentine rune of Zot
 33769 | Shoals:1 | Entered Level 1 of the Shoals
 34338 | D:13     | Reached skill level 1 in Shields
 34531 | D:13     | Reached XP level 17. HP: 164/169 MP: 24/24
 35220 | D:14     | Found a gate to the Vaults.
 35254 | D:14     | Reached skill level 5 in Shields
 35365 | D:14     | Received a gift from Trog
 35593 | D:14     | Gained mutation: Your flesh is heat resistant. [mutagenic meat]
 35595 | D:14     | Lost mutation: Your flesh is heat resistant. [mutagenic meat]
 35597 | D:14     | Lost mutation: You are partially covered in large bone plates (AC +2, SH +2). [mutagenic meat]
 35598 | D:14     | Gained mutation: You possess an exceptional clarity of mind. [mutagenic meat]
 35599 | D:14     | Lost mutation: You have sharp toenails. [mutagenic meat]
 35600 | D:14     | Gained mutation: Space occasionally distorts in your vicinity. [mutagenic meat]
 35728 | D:14     | Found a shattered altar of Ashenzari.
 35920 | D:15     | Entered Level 15 of the Dungeon
 35928 | D:15     | Found a frozen archway.
 35957 | IceCv    | Entered an ice cave
 36080 | IceCv    | Received a gift from Trog
 36332 | IceCv    | Received a gift from Trog
 36877 | D:15     | Received a gift from Trog
 37008 | D:15     | Reached skill level 10 in Shields
 37116 | D:15     | Received a gift from Trog
 37514 | D:15     | Received a gift from Trog
 37860 | D:15     | Found a staircase to the Depths.
 38122 | Vaults:1 | Entered Level 1 of the Vaults
 38317 | Vaults:1 | Gained mutation: You passively map a large area around you. [level up]
 38317 | Vaults:1 | Reached XP level 18. HP: 131/177 MP: 23/23
 38613 | Vaults:1 | Received a gift from Trog
 39141 | Vaults:1 | Received a gift from Trog
 41087 | Vaults:2 | Found a portal to a secret trove of treasure.
 41136 | Vaults:2 | Received a gift from Trog
 42241 | Vaults:2 | Reached XP level 19. HP: 183/186 MP: 23/23
 42659 | Vaults:2 | Received a gift from Trog
 42681 | Vaults:2 | Got an iridescent war axe {god gift}
 42690 | Vaults:2 | Identified the +9 war axe of Shrieking Terror {chop, Stlth+} (Trog gifted it to you on level 2 of the Vaults)
 43029 | Vaults:2 | Found a staircase to the Crypt.
 43363 | Vaults:3 | Received a gift from Trog
 43899 | Vaults:3 | Got a bloodstained ring mail
 43952 | Vaults:3 | Received a gift from Trog
 44162 | Vaults:2 | Identified the +0 ring mail of Sif Muna's Supremacy {rElec MR+ Dex+3} (You found it on level 3 of the Vaults)
 44408 | Vaults:3 | Noticed Nikola
 44427 | Vaults:3 | Killed Nikola
 44449 | Vaults:3 | Found Schyxt's Assorted Antiques.
 44463 | Vaults:3 | Upgraded the game from 0.17-a0-157-g289cc6a to 0.17-a0-226-ge260c71
 44851 | Vaults:3 | Received a gift from Trog
 45586 | Vaults:4 | Received a gift from Trog
 45590 | Vaults:4 | Got a warped broad axe {god gift}
 45597 | Vaults:4 | Identified the +1 broad axe "Furagag" {freeze, Dex+4} (Trog gifted it to you on level 4 of the Vaults)
 45634 | Vaults:4 | Reached XP level 20. HP: 203/203 MP: 23/23
 45905 | Vaults:4 | Found a deep blue altar of Sif Muna.
 46032 | Vaults:4 | Noticed Wiglaf
 46058 | Vaults:4 | Reached skill level 1 in Stealth
 46185 | Vaults:4 | Killed Wiglaf
 47053 | Vaults:4 | Reached skill level 5 in Stealth
 47078 | Vaults:4 | Received a gift from Trog
 47530 | Elf:1    | Entered Level 1 of the Elven Halls
 48370 | Elf:1    | Noticed Fannar
 48400 | Elf:1    | Killed Fannar
 48569 | Elf:2    | Received a gift from Trog
 48619 | Elf:2    | Found a runed gate.
 48619 | Elf:2    | Found a runed gate.
 48619 | Elf:2    | Found a runed gate.
 48740 | Elf:2    | Found Hacaappaup's Assorted Antiques.
 48758 | Elf:2    | Bought a garnet-encrusted chain mail for 361 gold pieces
 48783 | Elf:2    | Identified the +1 chain mail of Cueneoq {rF+ Regen+ rCorr Dex-4} (You bought it in a shop on level 2 of the Elven Halls)
 49704 | Elf:2    | Reached skill level 15 in Shields
 50187 | Elf:3    | Entered Level 3 of the Elven Halls
 50260 | Elf:3    | Gained mutation: You have sharp toenails. [potion of beneficial mutation]
 50309 | Elf:2    | Received a gift from Trog
 50647 | Elf:3    | Noticed Aizul
 50699 | Elf:3    | Killed Aizul
 51166 | Elf:3    | Received a gift from Trog
 51348 | Elf:3    | Reached XP level 21. HP: 63/212 MP: 24/24
 52085 | Elf:3    | Got a twisted battleaxe
 52181 | Elf:3    | Got a crude hand axe
 52388 | Elf:3    | Got a translucent ring mail
 52401 | Elf:3    | Got a heavily runed ring mail
 52596 | Elf:3    | Identified the cursed +0 ring mail of a labyrinth {rElec} (You found it on level 3 of the Elven Halls)
 52872 | Lair:1   | Received a gift from Trog
 53131 | Lair:2   | Lost mutation: Your body is deteriorating. [potion of cure mutation]
 53131 | Lair:2   | Lost mutation: You are very clumsy. (Dex -4) [potion of cure mutation]
 53131 | Lair:2   | Lost mutation: You have sharp toenails. [potion of cure mutation]
 53827 | Shoals:1 | Reached skill level 15 in Throwing
 54472 | Shoals:2 | Received a gift from Trog
 54677 | Shoals:2 | Noticed Snorg
 54684 | Shoals:2 | Killed Snorg
 54881 | Shoals:3 | Found Yxaluaj's Gadget Emporium.
 55078 | Shoals:3 | Noticed Saint Roka
 55102 | Shoals:3 | Killed Saint Roka
 55620 | Shoals:3 | Got a pair of spiked boots
 55631 | Shoals:3 | Identified the +2 pair of boots of Ivvuc {MR+ Slay+3} (You found it on level 3 of the Shoals)
 56636 | Shoals:5 | Entered Level 5 of the Shoals
 56878 | Shoals:5 | Received a gift from Trog
 57094 | Shoals:5 | Received a gift from Trog
 57103 | Shoals:5 | Reached skill level 19 in Evocations
 57152 | Shoals:5 | Got a barnacled rune of Zot
 57272 | Shoals:5 | Noticed Ilsuiw
 57801 | Shoals:5 | Killed Ilsuiw
 59054 | D:11     | Bought a wand of hasting (0) for 360 gold pieces
 59482 | Depths:1 | Entered Level 1 of the Depths
 59516 | Depths:1 | Noticed Norris
 59545 | Depths:1 | Killed Norris
 59719 | Depths:1 | Received a gift from Trog
 59833 | Depths:1 | Reached skill level 20 in Evocations
 59920 | Depths:1 | Received a gift from Trog
 59996 | Depths:1 | Reached XP level 22. HP: 212/221 MP: 26/26
 60269 | Depths:1 | Got an encrusted hand axe {god gift}
 60270 | Depths:1 | Identified the +8 hand axe of Anarchy {chop, Int+4} (Trog gifted it to you on level 1 of the Depths)
 60578 | Depths:1 | Received a gift from Trog
 60683 | Depths:1 | Noticed Margery
 60712 | Depths:1 | Killed Margery
 61092 | Depths:1 | Found a basalt altar of Yredelemnul.
 61208 | Depths:1 | Found a gateway to Hell.
 61907 | Depths:2 | Found a one-way gate to the infinite horrors of the Abyss.
 61923 | Depths:2 | Found Qoegyrro's Food Shop.
 62007 | Depths:2 | Bought a bread ration for 65 gold pieces
 62007 | Depths:2 | Bought a bread ration for 65 gold pieces
 62007 | Depths:2 | Bought a bread ration for 65 gold pieces
 62007 | Depths:2 | Bought a meat ration for 65 gold pieces
 62670 | Depths:2 | Noticed Agnes
 62670 | Depths:2 | Identified a +8 rod of clouds (12/12) (You took it off a deep elf knight on level 3 of the Elven Halls)
 62679 | Depths:2 | Killed Agnes
 62905 | Depths:2 | Noticed Asterion
 63226 | Depths:2 | Found a gateway to a ziggurat.
 63279 | Depths:2 | Received a gift from Trog
 63327 | Depths:2 | Killed Asterion
 63585 | Hell     | Entered the Vestibule of Hell
 63585 | Hell     | Noticed Geryon
 63780 | Hell     | Killed Geryon
 63808 | Hell     | Noticed Murray
 63978 | Hell     | Killed Murray
 64055 | Hell     | Found a gateway to the decaying netherworld of Tartarus.
 64070 | Hell     | Received a gift from Trog
 64365 | Depths:3 | Found a one-way gate leading to the halls of Pandemonium.
 64373 | Depths:3 | Received a gift from Trog
 64464 | Depths:3 | Reached XP level 23. HP: 171/234 MP: 25/25
 64540 | Depths:3 | Noticed Creepadon's ghost (powerful DDFi)
 64541 | Depths:3 | Noticed Creepadon's ghost (powerful DDFi)
 64555 | Depths:3 | Received a gift from Trog
 64586 | Depths:3 | Killed Creepadon's ghost
 65034 | D:8      | Fell from the grace of Trog
 65035 | D:8      | Became a worshipper of Makhleb the Destroyer
 65538 | Depths:3 | Found Caoqat Wodgh's Armour Shoppe.
 65564 | Depths:3 | Noticed Jory
 65648 | Depths:3 | Killed Jory
 65740 | Depths:2 | Mangled by a stone giant

Action                   |  1- 3 |  4- 6 |  7- 9 | 10-12 | 13-15 | 16-18 | 19-21 | 22-24 || total
-------------------------+-------+-------+-------+-------+-------+-------+-------+-------++-------
Melee: War axe           |   131 |   110 |   412 |    64 |   249 |  2217 |  3190 |  1134 ||  7507
       Hand axe          |       |       |   149 |  1351 |   298 |       |       |       ||  1798
       Battleaxe         |       |       |       |       |   351 |    63 |       |       ||   414
       Executioner's axe |       |       |       |       |   894 |   227 |       |       ||  1121
 Fire: Blowgun           |       |       |       |       |     1 |       |       |       ||     1
Throw: Stone             |       |    26 |       |   128 |       |    57 |       |       ||   211
       Throwing net      |       |     4 |     1 |       |     2 |       |       |       ||     7
       Tomahawk          |       |       |     7 |     9 |    63 |   493 |   182 |       ||   754
       Javelin           |       |       |       |     1 |    76 |    78 |   306 |   249 ||   710
Invok: Trog's Hand       |       |       |     2 |    28 |    42 |    17 |    25 |    24 ||   138
       Burn Spellbooks   |       |       |     1 |     4 |     2 |     2 |     4 |     1 ||    14
       Berserk           |       |       |       |     3 |       |       |       |       ||     3
       Brothers in Arms  |       |       |       |       |     4 |     1 |     1 |     1 ||     7
       Renounce Religion |       |       |       |       |       |       |       |     1 ||     1
 Abil: Device Recharging |       |       |     5 |       |     2 |     5 |     1 |     2 ||    15
       Breathe Fire      |       |       |       |       |       |       |     1 |       ||     1
       Evoke Flight      |       |       |       |       |       |       |    61 |       ||    61
Evoke: Wand              |       |     3 |    17 |    10 |    40 |    33 |    38 |    10 ||   151
       Lamp of fire      |       |       |       |       |     1 |       |     1 |     2 ||     4
       Phial of floods   |       |       |       |       |       |       |     1 |       ||     1
       Disc of storms    |       |       |       |       |       |       |       |     2 ||     2
       Rod               |       |       |       |       |       |       |       |     1 ||     1
  Use: Scroll            |     7 |     2 |     6 |    10 |    20 |    15 |    20 |     4 ||    84
       Potion            |       |     4 |     4 |       |     8 |    13 |    10 |     2 ||    41
 Stab: Held in net/web   |       |     2 |       |       |     1 |       |       |       ||     3
       Invisible         |       |       |     5 |       |       |       |       |     2 ||     7
       Paralysed         |       |       |       |    18 |    72 |    42 |     3 |     3 ||   138
       Confused          |       |       |       |       |     4 |    10 |    14 |       ||    28
       Distracted        |       |       |       |       |     1 |       |       |     2 ||     3
       Sleeping          |       |       |       |       |       |       |     1 |       ||     1
  Eat: Chunk             |     2 |     3 |    18 |    36 |    53 |    55 |    63 |    10 ||   240
       Fruit             |       |       |       |     1 |       |     5 |       |       ||     6
       Pizza             |       |       |       |     1 |     6 |     1 |     2 |     2 ||    12
       Beef jerky        |       |       |       |       |     1 |     2 |     2 |     3 ||     8
       Meat ration       |       |       |       |       |       |       |     1 |       ||     1
       Bread ration      |       |       |       |       |       |       |       |     3 ||     3
       Royal jelly       |       |       |       |       |       |       |       |     2 ||     2
